Map: Acid Plant LE

Players

EonBlu - Winner!

  • Race: Zerg Zerg
  • Spawn Location: 11:00

SpaceMarine

  • Race: Protoss Protoss
  • Spawn Location: 5:00

Event: WCS Leipzig 2018

VOD

Have the link to the VOD?

Description

Time

  • Played on: Jan. 26, 2018, 7:19 a.m.
  • Length: 7:24

All games in this series

Show
View Real Time Build Order
Export as new Build Order

EonBlu Zerg - Winner!

Build Orders: Hatch First 

Get SALT Encoding   

  12  0:02  Drone  
  13  0:12  Overlord  
  13  0:18  Drone  
  14  0:31  Drone x2  
  16  0:36  Drone  
  17  0:52  Hatchery  
  17  0:55  Drone  
  17  1:00  Drone  
  18  1:10  Extractor  
  17  1:15  Spawning Pool  
  17  1:16  Drone  
  17  1:20  Drone  
  18  1:29  Drone  
  19  1:40  Overlord  
  19  1:51  Drone  
  20  2:01  Queen  
  20  2:02  Zergling x2  
  20  2:03  Queen  
  20  2:04  Zergling x2  
  26  2:11  Metabolic Boost  
  26  2:13  Drone  
  26  2:15  Drone  
  28  2:23  Drone  
  29  2:34  Hatchery  
  28  2:39  Drone x2  
  30  2:45  Overlord  
  30  2:53  Evolution Chamber  
  30  2:58  Zergling x6  
  31  2:59  Zergling x2  
  33  3:07  Zergling x2  
  33  3:10  Zergling x2  
  33  3:12  Zergling x6  
  38  3:14  Zergling x2  
  38  3:28  Zergling x2  
  38  3:29  Zergling x6  
  42  3:34  Zergling x2  
  42  3:41  Overlord  
  42  3:55  Zergling x2  
  42  3:58  Overlord  
  42  3:59  Overlord  
  41  4:05  Overlord x2  
  41  4:09  Queen  
  42  4:14  Lair  
  42  4:16  Drone  
  42  4:19  Drone x2  
  42  4:20  Drone x2  
  42  4:22  Drone  
  45  4:25  Drone  
  45  4:28  Drone  
  45  4:29  Drone  
  46  4:32  Drone  
  46  4:36  Drone x2  
  48  4:41  Drone  
  48  4:42  Drone  
  48  4:43  Drone  
  48  4:44  Drone  
  52  4:48  Drone x2  
  54  4:53  Extractor, Overlord  
  54  4:54  Extractor  
  54  4:55  Drone  
  54  4:58  Drone  
  54  4:59  Drone  
  54  5:01  Drone x2  
  54  5:05  Drone, Extractor  
  56  5:07  Drone x2  
  56  5:09  Drone  
  56  5:11  Drone  
  54  5:28  Hydralisk Den  
  54  5:31  Spore Crawler x2  
  54  5:33  Drone x7, Spore Crawler  
  54  5:34  Drone x2  
  59  5:39  Drone x3  
  59  5:40  Drone  
  63  5:48  Overlord  
  61  6:00  Muscular Augments  
  61  6:02  Hydralisk  
  61  6:03  Hydralisk  
  65  6:08  Zergling x12  
  65  6:09  Zergling x2  
  72  6:14  Hydralisk x2  
  72  6:16  Hydralisk  
  78  6:21  Overlord  
  78  6:22  Zergling x4  
  78  6:23  Zergling x2  
  81  6:30  Hydralisk x3  
  87  6:40  Overlord  
  87  6:41  Overlord  
  87  6:44  Hydralisk  
  87  6:47  Overlord x4  
  85  7:05  Zergling x16  
Show
View Real Time Build Order
Export as new Build Order

SpaceMarine Protoss 

Build Orders: 1 Gate Expand, Phoenix Opening 

Get SALT Encoding   

  12  0:00  Probe  
  13  0:12  Probe  
  14  0:18  Pylon  
  14  0:25  Probe (Chrono Boost)  
  15  0:37  Probe (Chrono Boost), Gateway  
  16  0:45  Probe (Chrono Boost)  
  16  0:46  Assimilator  
  17  0:51  Probe  
  18  1:03  Probe  
  19  1:19  Nexus  
  19  1:29  Cybernetics Core  
  19  1:31  Probe  
  20  1:37  Assimilator  
  20  1:43  Probe  
  21  1:49  Pylon  
  21  1:55  Probe (Chrono Boost)  
  22  2:05  Probe (Chrono Boost)  
  22  2:07  Stalker  
  25  2:10  Probe (Chrono Boost)  
  25  2:13  Warp Gate (Chrono Boost)  
  26  2:22  Probe (Chrono Boost)  
  27  2:30  Probe (Chrono Boost)  
  27  2:32  Probe (Chrono Boost)  
  27  2:34  Stargate  
  28  2:42  Probe x2 (Chrono Boost)  
  30  2:44  Sentry  
  30  2:47  Probe (Chrono Boost)  
  30  2:48  Probe (Chrono Boost)  
  34  2:59  Probe  
  34  3:03  Gateway  
  34  3:05  Shield Battery  
  35  3:07  Probe  
  35  3:11  Probe  
  37  3:16  Phoenix (Chrono Boost)  
  37  3:19  Probe  
  40  3:25  Probe, Pylon  
  41  3:31  Probe  
  41  3:32  Phoenix  
  42  3:38  Probe  
  45  3:42  Pylon  
  45  3:43  Probe  
  45  3:46  Pylon  
  46  3:53  Pylon  
  46  3:55  Gateway  
  46  3:57  Pylon  
  43  4:14  Pylon  
  43  4:16  Pylon  
  43  4:17  Sentry  
  45  4:21  Sentry  
  31  4:43  Zealot  
  28  4:51  Zealot  
  30  5:00  Probe x2  
  30  5:02  Zealot  
  30  5:05  Sentry  
  34  5:12  Probe  
  30  5:22  Sentry  
  32  5:31  Probe (Chrono Boost)  
  34  5:36  Probe (Chrono Boost)  
  34  5:40  Probe (Chrono Boost)  
  34  5:42  Twilight Council  
  35  5:44  Probe (Chrono Boost)  
  35  5:45  Probe (Chrono Boost)  
  37  5:56  Probe (Chrono Boost)  
  38  5:57  Probe (Chrono Boost)  
  38  6:01  Nexus  
  38  6:02  Pylon  
  39  6:04  Pylon  
  39  6:09  Probe (Chrono Boost), Zealot x2  
  45  6:13  Probe (Chrono Boost)  
  45  6:14  Assimilator  
  45  6:15  Probe (Chrono Boost)  
  45  6:18  Assimilator  
  46  6:19  Probe  
  46  6:23  Probe  
  48  6:32  Zealot  
  51  6:33  Probe (Chrono Boost)  
  51  6:34  Zealot  
  51  6:35  Probe (Chrono Boost)  
  56  6:47  Probe (Chrono Boost)  
  56  6:48  Probe (Chrono Boost)  
  56  6:51  Probe (Chrono Boost)  
  57  6:54  Sentry  
  57  6:55  Probe  
  57  6:57  Zealot  
  60  7:02  Probe  
  60  7:08  Probe  
  62  7:12  Forge  
  62  7:15  Gateway  
  57  7:17  Adept x2  
  57  7:18  Gateway  
Tags
 
Add a new tag
Caveats
  • Supply blocks, unpowered buildings, or Contaminate may cause inaccurate times.
  • Supply counts are checked every 10 seconds.